 Dungeon Crawl Stone Soup version 0.21.0-24-g2553a33 (webtiles) character file.

183 Gorglomux the Covered (level 5, -5/49 HPs)
             Began as a Deep Dwarf Fighter on Jan 20, 2018.
             Splashed by Ijyb's acid (6 damage)
             ... on level 3 of the Dungeon.
             The game lasted 00:00:52 (1342 turns).

Gorglomux the Covered (Deep Dwarf Fighter)          Turns: 1342, Time: 00:00:53

Health: -5/49      AC:  3    Str: 26    XL:     5   Next: 35%
Magic:  5/5        EV:  9    Int:  8    God:
Gold:   72         SH: 10    Dex: 12    Spells: 4/4 levels left

rFire    . . .     SeeInvis .   a - +0 war axe
rCold    . . .     Gourm    .   c - +0 shield
rNeg     . . .     Faith    .   b - +0 scale mail
rPois    .         Spirit   .   (no helmet)
rElec    .         Reflect  .   (no cloak)
rCorr    .         Harm     .   (no gloves)
MR       .....                  (no boots)
Stlth    ..........             (no amulet)
HPRegen  0.00/turn              (no ring)
MPRegen  0.09/turn              (no ring)

@: mighty, corroded, non-regenerating
A: damage resistance, heal wounds, sense surroundings 1, no regeneration
a: Heal Wounds


You were on level 3 of the Dungeon.
You were not hungry.

You visited 1 branch of the dungeon, and saw 3 of its levels.

You collected 72 gold pieces.

Inventory:

Hand Weapons
 a - a +0 war axe (weapon)
Armour
 b - a +0 scale mail (worn)
 c - a +0 shield (worn)
Scrolls
 g - 3 scrolls of identify {unknown}
 k - 2 scrolls of remove curse {unknown}
 n - 2 scrolls of blinking {unknown}
 o - 2 scrolls of teleportation {unknown}
 p - a scroll of enchant weapon {unknown}
Potions
 h - a potion of mutation {unknown}
 j - a potion of agility {unknown}
 l - a potion of invisibility {unknown}
 m - a potion of heal wounds {unknown}
 q - a potion of brilliance {unknown}
 r - a potion of haste {unknown}
 s - 2 potions of flight {unknown}
 t - a potion of degeneration {unknown}
Books
 u - a book of Callings

   Spells                             Type                      Level
   a - Summon Small Mammal            Summoning                    1
   b - Call Imp                       Summoning                    2
   c - Call Canine Familiar           Summoning                    3
   d - Summon Guardian Golem          Hexes/Summoning              3
   e - Summon Lightning Spire         Summoning/Air                4
   f - Summon Ice Beast               Ice/Summoning                4
Comestibles
 f - 6 rations
 i - 11 chunks of flesh


   Skills:
 + Level 3.4 Fighting
 + Level 3.3 Axes
 + Level 4.2 Armour
 + Level 2.2 Dodging
 + Level 4.1 Shields


You had 4 spell levels left.
You didn't know any spells.

Dungeon Overview and Level Annotations

Branches:
Dungeon (3/15)

Altars:

Annotations:
D:3 Ijyb


Innate Abilities, Weirdness & Mutations

You are resistant to damage.
You can heal yourself by infusing magical energy.
You passively map a small area around you.
You do not regenerate.


Message History

You carve Ijyb but do butt damage! You closely miss the bat!
The bat closely misses you! You block Ijyb's attack!
Ijyb hits you with a dagger!
You closely miss Ijyb! You chop the bat into pieces!
You annihilate the bat!!!
Ijyb hits you but butts no damage!
You carve Ijyb like a ham!
Ijyb is moderately wounded!
Ijyb hits you with a dagger! Ijyb hits you but does no damage!
Some of the chunks of flesh in your inventory have rotted away!
You closely miss Ijyb!
Ijyb is moderately wounded!
Ijyb closely butts you!
You closely miss Butt!
Ijyb is moderately wounded!
You are no longer butt!
Ijyb zaps a wand!
The bolt of acid hits you!!! * * * don't die
* * * The acid corrodes butt!!!
You are splashed with acid!!!
The acid burns!!! rip

## ### , , .. ..# .
**#. #.# * * .. #.
#.# ...###.###.###
, , .............##
*
......g#.#....#####
......)@†).)......#
(.....)#†#...$###.#
....##.#.....## #.#
..., #.###.#.# #.#
* # #. #...# #.# ,
* ,, * ..* ##..#
#.# , ,, *,.# #..#
#.# *,. #..# #.# ,_
#..# #.#


You could see Ijyb.

Vanquished Creatures
  2 orc priests (D:3)
  Terence (D:3)
  An adder (D:3)
  2 oozes (D:1)
  A worm (D:2)
  9 orcs (D:3)
  8 bats
  4 giant cockroaches
  4 goblins
  10 hobgoblins
  2 jackals (D:3)
  8 kobolds
  3 ball pythons
  A frilled lizard (D:3)
  9 rats
65 creatures vanquished.

Notes
Turn   | Place    | Note
-------+----------+-------------------------------------------
     0 | D:1      | Gorglomux the Deep Dwarf Fighter began the quest for the Orb.
     0 | D:1      | Reached XP level 1. HP: 20/20 MP: 1/1
   115 | D:1      | Reached XP level 2. HP: 27/27 MP: 2/2
   310 | D:1      | Reached skill level 1 in Dodging
   345 | D:1      | Reached XP level 3. HP: 28/33 MP: 3/3
   522 | D:1      | Reached skill level 3 in Fighting
   993 | D:3      | Noticed Terence
   999 | D:3      | Killed Terence
   999 | D:3      | Reached XP level 4. HP: 32/42 MP: 4/4
  1132 | D:3      | Reached skill level 3 in Axes
  1136 | D:3      | Reached XP level 5. HP: 24/49 MP: 5/5
  1327 | D:3      | Noticed Ijyb
  1342 | D:3      | HP: 1/49 [Ijyb/wand of acid (7) (19)]
  1342 | D:3      | Splashed by Ijyb's acid

Skill      XL: |  1  2  3  4 |
---------------+-------------+-----
Dodging        | 1 2 |  2.2
Fighting       | 3 |  3.4
Axes           | 3 |  3.3
Armour         | 4 |  4.2
Shields        | 4 |  4.1

Action                   |  1- 3 |  4- 6 || total
-------------------------+-------+-------++-------
Melee: War axe           |   107 |    74 ||   181
 Abil: Heal Wounds       |       |     3 ||     3
  Use: Potion            |       |     1 ||     1
  Eat: Chunk             |     1 |     1 ||     2
Armor: Scale mail        |    46 |    35 ||    81
Dodge: Dodged            |    41 |    19 ||    60
Block: Shield            |    68 |    41 ||   109
